 Dungeon Crawl Stone Soup version 0.31-a0-133-gaae73658be (webtiles) character file.

Game seed: 3750924377127555951

321 jlumianski the Chopper (level 6, -3/48 HPs)
             Began as a Demonspawn Fighter on June 2, 2023.
             Slain by a sky beast (6 damage)
             ... on level 5 of the Dungeon.
             The game lasted 00:13:58 (3755 turns).

jlumianski the Chopper (Demonspawn Fighter)         Turns: 3755, Time: 00:13:58

Health: -3/48      AC: 10    Str: 19    XL:     6   Next: 22%
Magic:  6/6        EV: 15    Int: 19    God:
Gold:   157        SH:  5    Dex: 15    Spells: 5/5 levels left

rFire   . . .        a - +0 war axe
rCold   . . .        c - +0 buckler
rNeg    . . .        w - +2 ring mail of Ciem {Contam rCorr Dex+3 Stlth+}
rPois   .            (no helmet)
rElec   .            j - +2 cloak
rCorr   +            (no gloves)
SInv    .            (no boots)
Will    .....        (no amulet)
Stlth   ++           s - +5 ring of evasion
HPRegen 0.28/turn    v - +6 ring of intelligence
MPRegen 0.10/turn

%: no passive effects
@: mighty
A: big brain 2
a: no special abilities


You were on level 5 of the Dungeon.
You visited 1 branch of the dungeon, and saw 5 of its levels.

You collected 157 gold pieces.

Inventory:

Hand Weapons
 a - a +0 war axe (weapon)
Missiles
 e - 23 stones
 p - 2 poisoned darts
 z - 3 boomerangs (quivered)
Armour
 b - a +0 scale mail
 c - a +0 buckler (worn)
 j - a +2 cloak (worn)
 u - a +0 pair of gloves
 w - the +2 ring mail of Ciem (worn) {Contam rCorr Dex+3 Stlth+}
   (You found it on level 3 of the Dungeon)

   Dex:       It affects your dexterity (+3).
   Contam:    It causes magical contamination when unequipped.
   rCorr:     It protects you from acid and corrosion.
   Stlth:     It makes you more stealthy.
 A - a +0 helmet
Magical Staves
 l - a staff of poison
 q - a staff of death
Jewellery
 s - a +5 ring of evasion (left hand)
 v - a +6 ring of intelligence (right hand)
Wands
 x - a wand of digging (4)
Scrolls
 f - 2 scrolls of immolation {unknown}
 h - 2 scrolls of fog {unknown}
 i - 2 scrolls of teleportation
 k - 2 scrolls of enchant weapon {unknown}
 m - 3 scrolls of identify {unknown}
 r - a scroll of acquirement {unknown}
 t - a scroll of magic mapping {unknown}
 y - a scroll of blinking {unknown}
Potions
 d - a potion of might
 g - a potion of mutation {unknown}
 n - a potion of heal wounds {unknown}
 o - a potion of lignification {unknown}
 B - a potion of enlightenment {unknown}
 C - a potion of curing {unknown}
 D - a potion of haste {unknown}
 E - a potion of invisibility {unknown}


   Skills:
 + Level 3.8 Fighting
 + Level 4.2 Axes
 + Level 0.8 Throwing
 + Level 3.4 Armour
 + Level 1.0 Dodging
 + Level 0.8 Stealth
 + Level 3.3 Shields
 + Level 0.1 Evocations


You had 5 spell levels left.
You didn't know any spells.
Your spell library contained the following spells:

 Spells                   Type           Power      Damage    Failure   Level
 Passage of Golubria      Tloc           0%         N/A       99%         4
 Silence                  Hex/Air        0%         N/A       100%        5
 Lehudib's Crystal Spear  Conj/Erth      0%         10d2      100%        8


Dungeon Overview and Level Annotations

Branches:
Dungeon (5/15)
 Temple: D:4-7

Altars:
Vehumet

Shops:
D:1 (

Annotations:
D:4 1 runed translucent door, Crazy Yiuf


Innate Abilities, Weirdness & Mutations

You have an extremely huge brain. (Int +4)


Message History

You closely miss the sky beast.
The sky beast is moderately wounded.
The sky beast closely misses you.
You hit the sky beast but do no damage.
The sky beast is moderately wounded.
The sky beast flickers out of sight!
Deactivating autopickup; reactivate with Ctrl-A.
Something hits you but does no damage. Something hits you.
Something shocks you.
You miss something.
A sky beast appears from thin air!
Reactivating autopickup.
You block the sky beast's attack.
You barely miss the sky beast.
The sky beast is moderately wounded.
The sky beast flickers out of sight!
Deactivating autopickup; reactivate with Ctrl-A.
Something hits you but does no damage.
You barely miss something. Something hits you but does no damage.
Something hits you. Something shocks you.
* * * LOW HITPOINT WARNING * * *
You hit something. Something hits you.
* * * LOW HITPOINT WARNING * * *
Something shocks you.
* * * LOW HITPOINT WARNING * * *
You closely miss something. Something hits you but does no damage.
You closely miss something. Something hits you but does no damage.
A sky beast appears from thin air!
Reactivating autopickup.
The sky beast barely misses you.
You feel very mighty all of a sudden.
The sky beast hits you but does no damage.
You barely miss the sky beast.
The sky beast is heavily wounded.
You block the sky beast's attack.
You barely miss the sky beast.
The sky beast is heavily wounded.
The sky beast hits you.
* * * LOW HITPOINT WARNING * * *
The sky beast shocks you.
You die...

#..........#....#...
#.....####'#....####
#.....#.............
#......#.............
#......#.............
+......+.............
################.............
#............................
#...........@Y...............
#............................
#............................
#............................
#............................
#...............#####........
############....# #..<.....
#....# #........ #....#
#......Y.


You could see a sky beast.

Vanquished Creatures
  A black bear (D:5)
  A jelly (D:5)
  A sleepcap (D:5)
  2 iguanas
  3 gnolls (D:4)
  3 adders
  An ufetubus (D:5)
  A worm (D:4)
  2 dart slugs
  4 orcs
  5 endoplasms
  2 giant cockroaches (D:3)
  5 goblins
  6 hobgoblins
  6 jackals
  A quokka (D:1)
  2 ball pythons
  3 bats
  5 kobolds
  2 rats (D:1)
56 creatures vanquished.

Notes
Turn   | Place    | Note
-------+----------+-------------------------------------------
     0 | D:1      | jlumianski the Demonspawn Fighter began the quest for the
                  | Orb.
     0 | D:1      | Reached XP level 1. HP: 18/18 MP: 1/1
   130 | D:1      | Gained mutation: You have an unusually large brain. (Int
                  | +2) [demonic ancestry]
   130 | D:1      | Reached XP level 2. HP: 24/24 MP: 2/2
   268 | D:1      | Reached skill level 2 in Axes
   330 | D:1      | Found a faded altar of an unknown god.
   429 | D:1      | Found Biotivil's Antique Weapon Shop.
   738 | D:2      | Gained mutation: You have an extremely huge brain. (Int +4)
                  | [demonic ancestry]
   738 | D:2      | Reached XP level 3. HP: 19/29 MP: 3/3
   952 | D:2      | Found a radiant altar of Vehumet.
  1474 | D:3      | Identified the +2 ring mail of Ciem {Contam rCorr Dex+3
                  | Stlth+}
  2158 | D:3      | Reached XP level 4. HP: 35/35 MP: 4/4
  2480 | D:3      | Reached skill level 3 in Axes
  3069 | D:4      | Reached XP level 5. HP: 34/41 MP: 5/5
  3118 | D:5      | Entered Level 5 of the Dungeon
  3314 | D:5      | Noticed a sky beast
  3522 | D:4      | Found a runed translucent door.
  3523 | D:4      | Noticed Crazy Yiuf
  3703 | D:5      | Noticed a black bear
  3709 | D:5      | Killed a black bear
  3710 | D:5      | Reached skill level 4 in Axes
  3710 | D:5      | Reached skill level 1 in Dodging
  3710 | D:5      | Reached XP level 6. HP: 48/48 MP: 6/6
  3755 | D:5      | Slain by a sky beast

Illustrated notes

Levels and vault maps discovered:
D:1:      dpeg_arrival_rooms_b, layout_rooms,
          shapermc_ecumenical_altar_notcrosses, serial_shops, shop,
          grunt_decor_one_mirror
D:2:      layout_basic, basic_altar, nicolae_underground_beach
D:3:      mumra_celtic_spiral_tile, layout_basic, minmay_goblin_outpost
D:4:      layout_basic, uniq_crazy_yiuf_cottage
D:5:      layout_gridville, nicolae_overflow_squiral, minmay_temple_entry_glass,
          uniq_blork_the_orc

Skill      XL: |  1  2  3  4  5 |
---------------+----------------+-----
Axes           | 2 3 4 |  4.2
Shields        | 3 |  3.3
Armour         | 3 |  3.4
Dodging        | 1 |  1.0
Fighting       | |  3.8
Throwing       | |  0.8
Stealth        | |  0.8
Evocations     | |  0.1

Action                     |  1- 3 |  4- 6 || total
---------------------------+-------+-------++-------
  Melee: War axe           |   106 |    79 ||   185
  Throw: Dart              |       |    11 ||    11
         Boomerang         |       |    11 ||    11
  Evoke: Wand              |       |     2 ||     2
    Use: Scroll            |     1 |       ||     1
         Potion            |       |     1 ||     1
   Stab: Distracted        |     1 |       ||     1
 Armour: Scale mail        |    47 |       ||    47
         Ring mail         |    19 |    26 ||    45
  Dodge: Dodged            |    79 |    43 ||   122
  Block: Buckler           |    39 |    20 ||    59

Table legend: (Time is in decaauts)
 A = Elapsed time spent in this place.
 B = Non-inter-level travel time spent in this place.
 C = Inter-level travel time spent in this place.
 D = Time resting spent in this place.
 E = Time spent auto-exploring this place.
 F = Levels seen in this place.
 G = Mean time per level.
                   A        B        C        D        E       F      G
               +--------+--------+--------+--------+--------+-----+--------+
         Total |   3836 |   3712 |    124 |      0 |   2459 |   5 |  767.2 |
       Dungeon |   3836 |   3712 |    124 |      0 |   2459 |   5 |  767.2 |
               +--------+--------+--------+--------+--------+-----+--------+

Top non-repeatable levels by time:
     D:3: 1398 daAuts
     D:2: 845 daAuts
     D:4: 723 daAuts
     D:1: 654 daAuts
     D:5: 214 daAuts
